Map: [ESL] Moondance

Players

Ranger

  • Race: Protoss Protoss
  • Spawn Location: 6:00

Probe - Winner!

  • Race: Protoss Protoss
  • Spawn Location: 12:00

Event: DreamHack SC2 Masters 2022 Atlanta (Online)

VOD

Have the link to the VOD?

Description

Time

  • Played on: Oct. 2, 2022, 4:23 a.m.
  • Length: 8:26

All games in this series

Show
View Real Time Build Order
Export as new Build Order

Ranger Protoss 

Build Orders: Oracle Opening 

Get SALT Encoding   

  12  0:00  Probe  
  13  0:12  Probe  
  14  0:17  Pylon  
  14  0:24  Probe (Chrono Boost)  
  15  0:35  Gateway  
  15  0:38  Probe (Chrono Boost)  
  16  0:44  Probe (Chrono Boost)  
  16  0:46  Assimilator  
  17  0:52  Probe  
  17  0:55  Assimilator  
  18  1:04  Probe (Chrono Boost)  
  18  1:08  Gateway  
  19  1:13  Probe (Chrono Boost)  
  20  1:18  Probe (Chrono Boost)  
  20  1:24  Cybernetics Core  
  21  1:30  Probe  
  22  1:34  Pylon  
  22  1:41  Pylon  
  22  1:44  Probe  
  23  1:57  Probe  
  24  2:01  Adept  
  24  2:02  Adept  
  24  2:03  Warp Gate  
  28  2:15  Stargate  
  28  2:20  Probe  
  28  2:47  Nexus  
  28  2:49  Shield Battery  
  28  3:02  Shield Battery  
  28  3:03  Oracle (Chrono Boost)  
  31  3:13  Pylon  
  31  3:27  Pylon  
  31  3:45  Probe, Stalker x2  
  28  4:04  Probe  
  29  4:11  Twilight Council  
  30  4:19  Probe (Chrono Boost)  
  30  4:23  Probe (Chrono Boost)  
  32  4:32  Probe (Chrono Boost)  
  32  4:33  Probe (Chrono Boost)  
  32  4:37  Probe (Chrono Boost)  
  33  4:40  Probe  
  35  4:49  Probe  
  34  4:52  Probe  
  34  4:53  Sentry, Stalker  
  37  5:02  Probe  
  37  5:05  Probe  
  39  5:13  Dark Shrine  
  39  5:14  Probe  
  40  5:17  Probe  
  41  5:24  Pylon  
  41  5:26  Probe  
  42  5:32  Probe  
  42  5:34  Stalker  
  45  5:36  Stalker  
  45  5:38  Probe  
  45  5:41  Pylon  
  46  5:45  Probe  
  47  5:57  Probe, Stalker  
  47  6:01  Stalker  
  47  6:03  Probe  
  50  6:07  Shield Battery  
  50  6:09  Probe  
  51  6:15  Probe  
  51  6:18  Robotics Facility  
  52  6:21  Probe  
  52  6:24  Dark Templar  
  54  6:27  Probe  
  55  6:33  Probe  
  55  6:36  Dark Templar  
  59  6:40  Probe  
  59  6:41  Assimilator  
  59  6:46  Probe  
  60  6:49  Pylon  
  60  6:52  Probe  
  61  7:00  Probe  
  62  7:03  Phoenix, Stalker  
  62  7:04  Probe  
  63  7:08  Nexus  
  61  7:18  Assimilator  
  61  7:20  Probe x2  
  63  7:24  Phoenix  
  63  7:28  Immortal (Chrono Boost)  
  63  7:36  Gateway  
  67  7:39  Gateway  
  67  7:43  Probe x2  
  69  7:45  Sentry  
  69  7:57  Probe  
  58  8:06  Pylon  
  54  8:13  Stalker x2  
Show
View Real Time Build Order
Export as new Build Order

Probe Protoss - Winner!

Build Orders: Oracle Opening 

Get SALT Encoding   

  12  0:00  Probe  
  13  0:12  Probe  
  14  0:17  Pylon  
  14  0:24  Probe (Chrono Boost)  
  16  0:37  Probe (Chrono Boost)  
  16  0:38  Gateway  
  16  0:43  Probe (Chrono Boost)  
  16  0:45  Assimilator  
  17  0:51  Probe  
  17  0:56  Assimilator  
  18  1:03  Probe (Chrono Boost)  
  19  1:07  Pylon  
  19  1:14  Probe (Chrono Boost)  
  20  1:18  Probe (Chrono Boost)  
  21  1:26  Cybernetics Core  
  21  1:29  Probe  
  21  1:31  Zealot  
  24  1:37  Pylon  
  24  1:41  Probe  
  25  1:54  Probe  
  26  2:02  Stargate  
  26  2:03  Stalker (Chrono Boost)  
  26  2:07  Probe  
  29  2:19  Probe  
  30  2:23  Pylon  
  30  2:25  Stalker  
  32  2:37  Probe  
  33  2:44  Warp Gate  
  33  2:47  Shield Battery  
  33  2:53  Oracle  
  36  2:59  Shield Battery  
  36  3:06  Shield Battery  
  36  3:19  Nexus  
  36  3:23  Shield Battery  
  36  3:24  Probe  
  37  3:28  Oracle (Chrono Boost)  
  40  3:41  Shield Battery  
  40  3:44  Probe  
  41  3:54  Shield Battery  
  41  3:56  Probe  
  42  4:08  Probe  
  41  4:14  Gateway  
  41  4:20  Probe  
  42  4:25  Twilight Council  
  42  4:32  Gateway, Probe  
  42  4:33  Stalker  
  42  4:35  Probe  
  46  4:44  Probe  
  47  4:47  Probe  
  47  4:53  Blink (Chrono Boost)  
  47  4:56  Probe  
  49  5:00  Probe  
  49  5:08  Probe  
  49  5:12  Probe  
  51  5:19  Stalker  
  51  5:20  Probe  
  54  5:24  Probe  
  54  5:26  Stalker  
  56  5:33  Probe  
  57  5:36  Probe  
  57  5:37  Pylon  
  58  5:45  Probe  
  58  5:48  Probe  
  58  5:49  Stalker  
  62  5:52  Assimilator, Pylon  
  62  5:57  Stalker  
  64  5:58  Probe  
  64  6:01  Pylon  
  64  6:04  Forge  
  66  6:15  Stalker  
  67  6:21  Nexus  
  67  6:23  Gateway  
  67  6:25  Stalker  
  69  6:27  Pylon  
  69  6:39  Stalker x2  
  73  6:44  Photon Cannon  
  73  6:49  Stalker  
  73  7:00  Robotics Facility  
  69  7:05  Probe  
  70  7:13  Probe  
  71  7:17  Probe, Pylon  
  71  7:19  Stalker  
  74  7:28  Probe  
  74  7:29  Probe  
  76  7:30  Photon Cannon  
  76  7:32  Stalker  
  78  7:38  Stalker  
  78  7:40  Probe  
  78  7:41  Probe  
  82  7:54  Probe  
  81  7:59  Probe  
  81  8:04  Stalker x4  
  88  8:06  Probe  
  88  8:10  Probe  
  85  8:20  Photon Cannon  
Tags
 
Add a new tag
Caveats
  • Supply blocks, unpowered buildings, or Contaminate may cause inaccurate times.
  • Supply counts are checked every 10 seconds.